 Dungeon Crawl Stone Soup version 0.28-a0-1435-g82390b3a13 (webtiles) character file.

Game seed: 2865538132512228382

15 YayAnonymity the Poker (level 2, 0/24 HPs)
             Began as a Demonspawn Cinder Acolyte on Jan 10, 2022.
             Was a High Priest of Ignis.
             Slain by a hobgoblin (5 damage)
             ... on level 1 of the Dungeon.
             The game lasted 00:01:27 (496 turns).

YayAnonymity the Poker (Demonspawn Cinder Acolyte)   Turns: 496, Time: 00:01:27

Health: 0/24       AC:  2    Str: 14    XL:     2   Next: 34%
Magic:  3/3        EV: 11    Int: 15    God:    Ignis [*****.]
Gold:   8          SH:  0    Dex:  8    Spells: 3/3 levels left

rFire   + . .      SeeInvis .   a - -1 spear (flame)
rCold   . . .      Faith    .   (no shield)
rNeg    . . .      Spirit   .   b - +0 robe
rPois   .          Reflect  .   (no helmet)
rElec   .          Harm     .   (no cloak)
rCorr   .          Rampage  .   (no gloves)
Will    .....                   (no boots)
Stlth   +.........              (no amulet)
HPRegen 0.08/turn               (no ring)
MPRegen 0.08/turn               (no ring)

@: no status effects
A: demonic guardian 1
a: Renounce Religion, Fiery Armour, Foxfire Swarm, Rising Flame


You were on level 1 of the Dungeon.
You worshipped Ignis.
Ignis was extremely pleased with you.
You visited 1 branch of the dungeon, and saw 1 of its levels.

You collected 8 gold pieces.

Inventory:

Hand Weapons
 a - a -1 spear of flaming (weapon)
Armour
 b - a +0 robe (worn)
Scrolls
 c - a scroll of identify {unknown}
Potions
 d - a potion of flight {unknown}
 e - a potion of brilliance {unknown}


   Skills:
 - Level 3.0 Fighting
 * Level 3.4 Polearms
 - Level 1.0 Spellcasting
 - Level 2.6 Fire Magic


You had 3 spell levels left.
You didn't know any spells.
Your spell library contained the following spells:

 Spells                   Type           Power      Damage    Failure   Level
 Scorch                   Fire           16%        2d6       12%         2


Dungeon Overview and Level Annotations

Branches:
Dungeon (1/15)

Altars:


Innate Abilities, Weirdness & Mutations

A weak demonic guardian rushes to your aid.


Message History

You hit the hobgoblin but do no damage. The rat bites you.
The hobgoblin hits you.
You are too injured to fight recklessly!
You are too injured to fight recklessly!
You are too injured to fight recklessly!
You are too injured to fight recklessly!
You are too injured to fight recklessly!
You are too injured to fight recklessly!
The rat closely misses you.
The rat twitches its whiskers.
Reach: a) -1 spear (flame)
Press: ? - help, Dir - move target, f - hobgoblin
Aim: a hobgoblin (about 43% to evade your -1 spear of flaming)
The rat is in the way.
You hit the rat. You burn the rat.
You kill the rat!
A dart slug comes into view.
Reach: a) -1 spear (flame)
Press: ? - help, Dir - move target, f/p - hobgoblin
Aim: a hobgoblin (about 43% to evade your -1 spear of flaming)
You barely miss the hobgoblin. The hobgoblin barely misses you.
Reach: a) -1 spear (flame)
Press: ? - help, Dir - move target, f/p - hobgoblin
Aim: a hobgoblin (about 43% to evade your -1 spear of flaming)
You hit the hobgoblin but do no damage. The hobgoblin hits you.
* * * LOW HITPOINT WARNING * * *
Reach: a) -1 spear (flame)
Press: ? - help, Dir - move target, f/p - hobgoblin
Aim: a hobgoblin (about 43% to evade your -1 spear of flaming)
You hit the hobgoblin. You burn the hobgoblin.
You kill the hobgoblin!
Reach: a) -1 spear (flame)
Press: ? - help, Dir - move target, f - hobgoblin
Aim: a hobgoblin (about 43% to evade your -1 spear of flaming)
You barely miss the hobgoblin. The hobgoblin hits you.
* * * LOW HITPOINT WARNING * * *
Reach: a) -1 spear (flame)
Press: ? - help, Dir - move target, f/p - hobgoblin
Aim: a hobgoblin (about 43% to evade your -1 spear of flaming)
You barely miss the hobgoblin. The hobgoblin hits you.
You die...

#...###.†####.# ####..
##..# #.###
....#.###$..# #...# ##
#....#..#.# ###)####.
##w#...##.# #......
#....####.# ######.
#..#!.# #.# ## #..
##g# .. ... #@# #. ..#
#.# .# ### # #.# ..
##.# ... #.. #. ##..#
#.. ##.####.##>..#
#.## #...##.#..#[#####
#..#####.##...##.##...
#
#..##....###.###.##.##
###
#..#..#...##.##..##.#


You could see a dart slug and a hobgoblin.

Vanquished Creatures
  2 endoplasms (D:1)
  A giant cockroach (D:1)
  2 goblins (D:1)
  A hobgoblin (D:1)
  A quokka (D:1)
  A ball python (D:1)
  2 bats (D:1)
  A frilled lizard (D:1)
  A kobold (D:1)
  2 rats (D:1)
14 creatures vanquished.

Notes
Turn   | Place    | Note
-------+----------+-------------------------------------------
     0 | D:1      | YayAnonymity the Demonspawn Cinder Acolyte began the quest
                  | for the Orb.
     0 | D:1      | Reached XP level 1. HP: 18/18 MP: 2/2
   423 | D:1      | Gained mutation: A weak demonic guardian rushes to your
                  | aid. [demonic ancestry]
   423 | D:1      | Reached XP level 2. HP: 23/24 MP: 3/3
   496 | D:1      | Slain by a hobgoblin

Illustrated notes

Levels and vault maps discovered:
D:1:      amcnicky_arrival_wind_blow, layout_rooms

Skill      XL: |  1 |
---------------+----+-----
Polearms       | 3 |  3.4
Fighting       | |  3.0
Spellcasting   | |  1.0
Fire Magic     | |  2.6

Action                   || total
-------------------------++-------
Melee: Spear             ||    44
Armor: Robe              ||     6
Dodge: Dodged            ||    20

Table legend: (Time is in decaauts)
 A = Elapsed time spent in this place.
 B = Non-inter-level travel time spent in this place.
 C = Inter-level travel time spent in this place.
 D = Time resting spent in this place.
 E = Time spent auto-exploring this place.
 F = Levels seen in this place.
 G = Mean time per level.
                   A        B        C        D        E       F      G
               +--------+--------+--------+--------+--------+-----+--------+
         Total |    493 |    493 |      0 |      0 |    404 |   1 |  493.0 |
       Dungeon |    493 |    493 |      0 |      0 |    404 |   1 |  493.0 |
               +--------+--------+--------+--------+--------+-----+--------+

Top non-repeatable levels by time:
     D:1: 493 daAuts
